AoeStats
← dr.kevinbubbles.ph.d

Arena

510911603Analyzed
4v4 RM · 5h ago on Oct 3, 2026· 45m 7s· 8 players
Game mode
Random Map
Map size
Large (8 player)
Population
200
Speed
Normal
Resources
Standard
Victory
Conquest
Starting age
Dark Age
Ending age
Imperial Age
RankedLock teamsTeams togetherTeam positionsShared explorationLock speedFull tech treeHidden civsTurbo modeCheats
Victory
Defeat
🇺🇸 Britons · United States
1076
+12
🇺🇸 Italians · United States
1065
+12
🇺🇸 Saxons · United States
1030
+15
🇺🇸 Romans · United States
1022
+14
🇨🇦 Danes · Canada
1008
-14
🇦🇷 Koreans · Argentina
984
-13
🇲🇽 Teutons · Mexico
972
-13
🇨🇳 Persians · China
971
-13
John
9:27 Loom
11:38 Feudal Age
12:53 Double-Bit Axe
15:55 Horse Collar
19:10 Castle Age
17:07 Gold Mining
17:19 Stone Mining
20:51 Gold Shaft Mining
20:52 Stone Shaft Mining
20:58 Stone Shaft Mining
20:36 Bow Saw
20:29 Heavy Plow
20:42 Forging
20:32 Scale Mail Armor
26:49 Wheelbarrow
27:43 Fletching
27:41 Gambesons
27:34 Pikeman
28:18 Squires
29:17 Hand Cart
29:41 Arson
30:14 Chain Mail Armor
30:16 Hamask
35:43 Imperial Age
34:37 Iron Casting
33:57 Bodkin Arrow
36:04 Elite Varangian Guard
36:53 Halberdier
38:20 Conscription
38:35 Plate Mail Armor
39:12 Onager
命格
3:34 Loom
11:07 Feudal Age
17:00 Castle Age
15:30 Double-Bit Axe
15:29 Horse Collar
16:01 Stone Mining
16:55 Gold Mining
18:56 Bow Saw
18:44 Town Watch
21:10 Man-at-Arms
23:43 Pikeman
25:41 Fletching
25:55 Squires
26:41 Scale Barding Armor
28:39 Wheelbarrow
29:06 Forging
29:55 Hand Cart
30:48 Heavy Plow
34:30 Imperial Age
32:45 Bloodlines
33:15 Iron Casting
33:24 Town Patrol
33:55 Chain Barding Armor
33:55 Gambesons
34:12 Husbandry
35:50 Gold Shaft Mining
35:52 Conscription
35:53 Citadels
35:06 Halberdier
37:17 Stone Shaft Mining
37:51 Two-Man Saw
37:23 Crop Rotation
39:11 Plate Barding Armor
40:58 Blast Furnace
39:41 Elite Skirmisher
41:23 Thumb Ring
41:25 Scale Mail Armor
41:21 Bodkin Arrow
41:16 Onager
42:42 Elite War Elephant
45:19 Chemistry
44:36 Padded Archer Armor
45:24 Ballistics
Seceptania
10:46 Feudal Age
14:55 Castle Age
13:20 Double-Bit Axe
13:47 Horse Collar
16:01 Wheelbarrow
15:14 Town Watch
16:13 Wheelbarrow
16:31 Heavy Plow
17:38 Loom
29:11 Hand Cart
33:24 Fletching
37:29 Imperial Age
35:36 Ballistics
35:32 Masonry
36:02 Fervor
36:14 Sanctity
39:32 Chemistry
38:59 Scale Mail Armor
39:10 Forging
38:55 Bodkin Arrow
40:12 Chain Mail Armor
39:23 Man-at-Arms
39:49 Gambesons
40:05 Squires
39:51 Arson
40:56 Siege Engineers
40:22 Long Swordsman
41:04 Squires
40:50 Gambesons
41:47 Iron Casting
Martuuu89
11:55 Feudal Age
11:27 Loom
15:50 Castle Age
17:03 Double-Bit Axe
22:16 Town Watch
25:29 Wheelbarrow
24:56 Town Patrol
24:24 Crossbowman
25:12 Fletching
25:37 Horse Collar
25:49 Elite Skirmisher
26:35 Thumb Ring
27:36 Bow Saw
27:20 Gold Mining
27:22 Stone Mining
33:03 Imperial Age
32:00 Forging
31:55 Scale Barding Armor
32:02 Husbandry
32:24 Light Cavalry
33:45 Iron Casting
33:09 Bodkin Arrow
33:15 Hussar
35:10 Chemistry
34:31 Ballistics
37:50 Conscription
37:30 Heavy Rocket Cart
40:55 Chain Barding Armor
40:38 Bracer
Phoenixmatthew
10:47 Feudal Age
14:57 Castle Age
13:55 Double-Bit Axe
14:21 Horse Collar
16:17 Bow Saw
17:22 Heavy Plow
20:45 Wheelbarrow
22:39 Gold Mining
23:18 Hand Cart
24:28 Loom
25:34 Gold Shaft Mining
25:39 Forging
25:30 Scale Mail Armor
27:17 Iron Casting
27:37 Chain Mail Armor
27:12 Fletching
27:32 Man-at-Arms
28:13 Squires
29:00 Town Watch
28:54 Long Swordsman
32:42 Imperial Age
30:57 Bodkin Arrow
31:24 Ballistics
31:20 Fortified Wall
31:24 Masonry
31:18 Stone Mining
31:55 Town Patrol
34:27 Blast Furnace
32:52 Heavy Scorpion
35:37 Legionary
40:52 Conscription
dr.kevinbubbles.ph.d
10:14 Feudal Age
14:16 Castle Age
12:16 Double-Bit Axe
13:26 Horse Collar
16:28 Wheelbarrow
16:55 Bow Saw
17:53 Loom
22:47 Stone Mining
23:08 Heavy Plow
25:55 Gold Mining
26:49 Hand Cart
29:59 Scale Mail Armor
30:10 Forging
33:40 Imperial Age
32:00 Gold Shaft Mining
31:43 Chain Mail Armor
33:09 Iron Casting
32:23 Gambesons
32:39 Squires
32:25 Arson
33:02 Town Watch
34:04 Elite Varangian Guard
theclaydude
8:20 Loom
10:24 Feudal Age
14:57 Castle Age
12:54 Double-Bit Axe
13:26 Loom
14:18 Horse Collar
16:09 Bow Saw
23:33 Heavy Plow
23:38 Gold Mining
24:26 Stone Mining
25:04 Crossbowman
26:08 Fletching
27:14 Gold Shaft Mining
27:27 Ballistics
28:58 Wheelbarrow
28:09 Town Watch
28:53 Town Patrol
32:45 Imperial Age
31:26 Hand Cart
32:05 Bodkin Arrow
32:11 Padded Archer Armor
34:08 Yeomen
33:09 Elite Longbowman
33:14 Arbalester
34:07 Bracer
34:22 Leather Archer Armor
36:44 Chemistry
39:55 Ring Archer Armor
39:36 Siege Engineers
I can't get no mattisfaction
10:48 Feudal Age
14:52 Castle Age
12:41 Double-Bit Axe
13:15 Horse Collar
14:28 Loom
15:44 Bow Saw
15:30 Fletching
18:26 Bodkin Arrow
24:19 Heavy Plow
28:02 Wheelbarrow
33:19 Imperial Age
30:58 Padded Archer Armor
31:16 Masonry
31:04 Gold Mining
31:47 Hand Cart
31:41 Town Watch
32:56 Leather Archer Armor
35:04 Chemistry
34:09 Bracer
34:31 Ballistics
34:58 Ring Archer Armor
35:33 Two-Man Saw
35:19 Crop Rotation
35:50 Conscription
36:23 Architecture
36:03 Scale Mail Armor
36:23 Thumb Ring
36:09 Elite Genoese Crossbowman
36:37 Treadmill Crane
39:34 Pirotechnia
40:20 Hoardings
40:56 Town Patrol
41:08 Forging
40:54 Murder Holes
40:56 Capped Ram
42:14 Light Cavalry
43:04 Bloodlines
42:54 Husbandry
43:01 Scale Barding Armor
43:32 Iron Casting
44:38 Chain Mail Armor
44:24 Hussar
46:06 Blast Furnace
45:27 Chain Barding Armor
Connection lost

Rejoining the realm…

Still unreachable

The connection could not be restored.

Session expired

The server has moved on; the page needs a fresh start.